 Dungeon Crawl Stone Soup version 0.26.1-2-gb8aa6d0cf2 (webtiles) character file.

Game seed: 287473956351903518

372 ubername the Bolt Thrower (level 7, -2/41 HPs)
             Began as a Kobold Hunter on Mar 2, 2021.
             Slain by Pikel
             ... wielding a +0 whip of flaming
              (9 damage)
             ... on level 4 of the Dungeon.
             The game lasted 00:09:26 (4641 turns).

ubername the Bolt Thrower (Kobold Hunter)           Turns: 4641, Time: 00:09:27

Health: -2/41      AC:  5    Str:  9    XL:     7   Next: 2%
Magic:  7/7        EV: 15    Int: 14    God:
Gold:   192        SH:  0    Dex: 16    Spells: 6/6 levels left

rFire    . . .     SeeInvis .   a - +1 hand crossbow
rCold    . . .     Faith    .   (shield restricted)
rNeg     . . .     Spirit   .   c - +0 leather armour
rPois    .         Reflect  .   (no helmet)
rElec    .         Harm     .   o - +0 cloak
rCorr    .         Rampage  .   m - +0 pair of gloves
Will     .....                  (no boots)
Stlth    +++.......             (no amulet)
HPRegen  0.13/turn              (no ring)
MPRegen  0.10/turn              (no ring)

@: no status effects
A: small, nightstalker 3
a: no special abilities


You were on level 4 of the Dungeon.
You visited 1 branch of the dungeon, and saw 4 of its levels.

You collected 192 gold pieces.

Inventory:

Hand Weapons
 a - a +1 hand crossbow (weapon)
 b - a +0 short sword
 h - a +1 dagger of venom
 n - a +3 quarterstaff of chaos
Missiles
 d - 11 bolts (quivered ammo)
Armour
 c - a +0 leather armour (worn)
 g - a +0 ring mail
 m - a +0 pair of gloves (worn)
 o - a +0 cloak (worn)
Wands
 e - a wand of paralysis (6)
 k - a wand of iceblast (7)
 q - a wand of polymorph (10)
 s - a wand of enslavement (8)
Scrolls
 f - a scroll of teleportation
 j - a scroll of magic mapping {unknown}
 p - a scroll of blinking {unknown}
 r - 3 scrolls of remove curse {unknown}
Potions
 i - a potion of magic {unknown}
 l - a potion of cancellation {unknown}
 t - 2 potions of attraction {unknown}
 u - a potion of invisibility


   Skills:
 + Level 3.5 Fighting
 * Level 2.0 Short Blades
 * Level 7.5 Crossbows
 - Level 1.9 Armour
 * Level 2.8 Dodging
 * Level 2.2 Stealth


You had 6 spell levels left.
You didn't know any spells.
Your spell library contained the following spells:

 Spells                   Type           Power        Failure   Level
 Beastly Appendage        Tmut           0%           36%         1
 Wereblood                Tmut           0%           52%         2
 Spider Form              Tmut/Pois      0%           75%         3
 Ice Form                 Ice/Tmut       0%           98%         4
 Blade Hands              Tmut           0%           100%        5


Dungeon Overview and Level Annotations

Branches:
Dungeon (4/15)
 Temple: D:4-7

Altars:
Elyvilon
Gozag
Kikubaaqudgha
Makhleb
Ru
Wu Jian
Xom
The Shining One

Annotations:
D:4 Pikel


Innate Abilities, Weirdness & Mutations

You are small and have problems with some larger weapons.
You are completely attuned to the shadows.


Message History

Pikel is lightly wounded.
Pikel misses you.
Fire: 13 bolts
Press: ? - help, Q - select action, (/) - cycle Shift-Dir - straight line, f/p - Pikel
Aim: Pikel, wielding a +0 whip of flaming, wearing a +0 robe and carrying a wand of digging (7) (lightly wounded, fast, 62% to hit)
You shoot a bolt. The bolt hits Pikel but does no damage.
Pikel is lightly wounded.
Pikel hits you but does no damage.
Pikel hits you with a +0 whip of flaming!
Pikel burns you.
Fire: 12 bolts
Press: ? - help, Q - select action, (/) - cycle Shift-Dir - straight line, f/p - Pikel
Aim: Pikel, wielding a +0 whip of flaming, wearing a +0 robe and carrying a wand of digging (7) (lightly wounded, fast, 62% to hit)
You shoot a bolt. The bolt closely misses Pikel.
The bolt misses the lemure.
Pikel hits you with a +0 whip of flaming.
* * * LOW HITPOINT WARNING * * *
Pikel burns you.
* * * LOW HITPOINT WARNING * * *
Pikel hits you with a +0 whip of flaming!
You die...

#.#
####.............#.###....
#.### ####.######..##.#
#.### #.#.# #..# #.....#
#.# #.#.# ##.## ##.####
#.# #...# #..# #.# #.#
###.# ##.# #.# #.# #.# #.#
#.# #.# #.# #.# #.######.#
#.# #@# #.#......## #.#
#K# #.#.##....# #.# #5.
#.#.##.##.# #.##### ##..
#.#.....#.# #.....# .(#
#.####..#.# #####.#
#.......#.# #.# #..####.#
###### #.# #.......#
.....# #.# #.#######


You could see Pikel (fast) and a lemure.

Vanquished Creatures
  A lemure (D:4)
  2 scorpions (D:4)
  A crimson imp (D:3)
  Crazy Yiuf (D:2)
  An orc priest (D:4)
  Ijyb (D:3)
  A worker ant (D:4)
  4 adders
  4 oozes
  5 worms
  A dart slug (D:3)
  3 leopard geckos
  4 orcs
  4 giant cockroaches
  4 goblins
  5 hobgoblins
  2 jackals (D:2)
  7 bats
  5 frilled lizards
  6 kobolds
  2 rats (D:1)
64 creatures vanquished.

Notes
Turn   | Place    | Note
-------+----------+-------------------------------------------
     0 | D:1      | ubername the Kobold Hunter began the quest for the Orb.
     0 | D:1      | Reached XP level 1. HP: 12/12 MP: 1/1
    46 | D:1      | Reached skill level 5 in Crossbows
   371 | D:1      | Reached XP level 2. HP: 18/18 MP: 2/2
  1030 | D:2      | Reached XP level 3. HP: 22/22 MP: 3/3
  1226 | D:2      | Found an opulent altar of Gozag.
  1232 | D:2      | Reached skill level 6 in Crossbows
  1464 | D:2      | Found an ornate altar of the Wu Jian Council.
  1532 | D:2      | Reached XP level 4. HP: 27/27 MP: 4/4
  1598 | D:2      | Found a runed translucent door.
  1601 | D:2      | Noticed Crazy Yiuf
  1608 | D:2      | Killed Crazy Yiuf
  1750 | D:2      | Found a sacrificial altar of Ru.
  2440 | D:3      | Reached XP level 5. HP: 32/32 MP: 5/5
  2741 | D:3      | Noticed Ijyb
  2765 | D:3      | Killed Ijyb
  2766 | D:3      | Reached skill level 1 in Short Blades
  2766 | D:3      | Reached skill level 1 in Armour
  3114 | D:3      | Found a burning altar of Makhleb.
  3245 | D:3      | Found an ancient bone altar of Kikubaaqudgha.
  3290 | D:3      | Reached XP level 6. HP: 37/37 MP: 6/6
  3390 | D:3      | Found a faded altar of an unknown god.
  3686 | D:4      | Reached skill level 7 in Crossbows
  4344 | D:4      | Reached XP level 7. HP: 41/41 MP: 7/7
  4438 | D:4      | Found a glowing golden altar of the Shining One.
  4591 | D:4      | Found a white marble altar of Elyvilon.
  4591 | D:4      | Found a shimmering altar of Xom.
  4630 | D:4      | Noticed Pikel
  4641 | D:4      | Slain by Pikel

Illustrated notes

Levels and vault maps discovered:
D:1:      psy_arrival_dodecagon, layout_loops_ring,
          ebering_dispersal_statue_hall, minmay_misc_feat_doors,
          grunt_decor_mini_mirrors
D:2:      layout_loops_ring, nicolae_gozag_seed_capital, lemuel_doored_altar,
          nicolae_overflow_crystal_walls, serial_aquarium,
          aquarium_bridge_long_separate [aquarium_subvault_window,
          aquarium_subvault_bridge, aquarium_subvault_bridge,
          aquarium_subvault_window, aquarium_subvault_bridge,
          aquarium_subvault_wall], aquarium_window_corner, aquarium_window_fake,
          aquarium_view_2e, aquarium_balcony_double_1, aquarium_pool_five,
          uniq_crazy_yiuf_cottage
D:3:      layout_basic, general_overflow_altar, makhleb_grotto_becter,
          chequers_ecumenical_altar_simple_redux, uniq_ijyb
D:4:      layout_basic, kennysheep_mini_moat, gammafunk_temple_overflow_wave,
          uniq_pikel

Skill      XL: |  1  2  3  4  5  6 |
---------------+-------------------+-----
Crossbows      | 5 6 7 |  7.5
Fighting       | 3 |  3.5
Short Blades   | 1 2 |  2.0
Armour         | 1 |  1.9
Stealth        | 2 |  2.2
Dodging        | |  2.8

Action                   |  1- 3 |  4- 6 |  7- 9 || total
-------------------------+-------+-------+-------++-------
Melee: Short sword       |    10 |    43 |       ||    53
 Fire: Hand crossbow     |    49 |    90 |    15 ||   154
  Use: Potion            |       |     3 |       ||     3
       Scroll            |       |     2 |       ||     2
 Stab: Sleeping          |       |     1 |       ||     1
Armor: Leather armour    |     2 |    22 |       ||    24
Dodge: Dodged            |    13 |    44 |     4 ||    61
